 Dungeon Crawl Stone Soup version 0.19.4 (webtiles) character file.

6386 Chiseanne the Fighter (level 11, 0/72 HPs)
             Began as a Kobold Monk on Jan 31, 2017.
             Was an Initiate of Gozag.
             Slain by a four-headed hydra (5 damage)
             ... on level 1 of the Lair of Beasts.
             The game lasted 00:45:51 (13791 turns).

Chiseanne the Fighter (Kobold Monk)                Turns: 13791, Time: 00:45:52

Health: 0/72       AC: 12    Str: 14    XL:     11   Next: 17%
Magic:  0/17       EV: 16    Int: 11    God:    Gozag
Gold:   785        SH:  0    Dex: 20    Spells: 0 memorised, 10 levels left

rFire  . . .     SeeInvis .     d - +2 morningstar (freeze)
rCold  . . .     Gourm    .     r - +1 ring mail of Lethargy {Str+4}
rNeg   . . .     Faith    .     (shield restricted)
rPois  .         Spirit   +     m - +0 helmet
rElec  .         Reflect  .     p - +0 cloak
rCorr  .         Harm     .     (no gloves)
MR     .....                    l - +0 pair of boots
Stlth  ++........               t - amulet of guardian spirit
                                (no ring)
                                i - +1 ring of evasion

@: drained
A: carnivore 3
a: Potion Petition, Call Merchant, Bribe Branch, Renounce Religion


You were on level 1 of the Lair of Beasts.
You worshipped Gozag.
Gozag was pleased with you.
You were full.

You visited 3 branches of the dungeon, and saw 11 of its levels.

You collected 1389 gold pieces.
You spent 604 gold pieces at shops.

Inventory:

Hand Weapons
 a - a +3 dagger of venom
 d - a +2 morningstar of freezing (weapon)
 s - a +1 whip of electrocution
Missiles
 e - 120 arrows
 g - 17 bolts
 j - 20 tomahawks (quivered)
 n - 38 poisoned needles
 x - 40 sling bullets
 B - 3 throwing nets
 G - 226 stones
Armour
 l - a +0 pair of boots (worn)
 m - a +0 helmet (worn)
 p - a +0 cloak (worn)
 r - the +1 ring mail of Lethargy (worn) {Str+4}
   (You bought it in a shop on level 6 of the Dungeon)

   It affects your strength (+4).
Jewellery
 i - a +1 ring of evasion (left hand)
 t - an amulet of guardian spirit (around neck)
Wands
 y - a wand of paralysis (0/24)
Scrolls
 A - 2 scrolls of remove curse
 C - a scroll of teleportation
Potions
 c - a potion of flight
 f - 3 potions of haste {unknown}
 h - a potion of agility
 k - 2 potions of might
 q - a potion of lignification
 u - a potion of magic {unknown}
 v - 2 potions of cure mutation {unknown}
 w - a potion of invisibility {unknown}
 z - 2 potions of heal wounds {unknown}
 D - a potion of curing
 E - a potion of berserk rage {unknown}
Books
 F - a book of Clouds

   Spells                             Type                      Level
   a - Mephitic Cloud                 Conjuration/Poison/Air       3
   b - Conjure Flame                  Conjuration/Fire             3
   c - Poisonous Cloud                Conjuration/Poison/Air       6
   d - Freezing Cloud                 Conjuration/Ice/Air          6
   e - Ring of Flames                 Charms/Fire                  7
Comestibles
 b - 3 meat rations
 o - 5 slices of pizza


   Skills:
 - Level 10.0(9.5) Fighting
 - Level 6.2(5.7) Short Blades
 * Level 9.0(8.5) Armour
 - Level 3.7(3.2) Dodging
 - Level 2.6(2.2) Stealth
 - Level 3.5(3.1) Unarmed Combat
 * Level 8.0(7.6) Evocations


You had 10 spell levels left.
You didn't know any spells.

Dungeon Overview and Level Annotations

Branches:
Dungeon (9/15)             Temple (1/1) D:6            Lair (1/6) D:9
    Orc: D:9-12

Altars:
Ashenzari
Dithmenos
Elyvilon
Fedhas
Gozag
Hepliaklqana
Kikubaaqudgha
Makhleb
Nemelex Xobeh
Okawaru
Qazlal
Ru
Sif Muna
Trog
Uskayaw
Vehumet
Xom
Yredelemnul
Zin
The Shining One

Shops:
D:5 [   D:6 [(*   D:8 =

Annotations:
D:4 galech's ghost, amateur OgFi
D:6 Atlantean's ghost, novice DsFi


Innate Abilities, Weirdness & Mutations

You are small and have problems with some larger weapons.
You are carnivorous and can eat meat at any time.


Message History

The four-headed hydra bites you.
The four-headed hydra barely misses you.
You thump the four-headed hydra! You freeze the four-headed hydra!
The four-headed hydra is moderately wounded.
The four-headed hydra bites you!
The four-headed hydra bites you but does no damage.
The four-headed hydra barely misses you.
The four-headed hydra bites you.
You sock the four-headed hydra! You freeze the four-headed hydra.
The four-headed hydra is heavily wounded.
The four-headed hydra bites you!
* * * LOW HITPOINT WARNING * * *
The four-headed hydra bites you.
* * * LOW HITPOINT WARNING * * *
The four-headed hydra bites you!
* * * LOW HITPOINT WARNING * * *
The four-headed hydra bites you but does no damage. x2
The four-headed hydra bites you.
You die...
Your body crumbles into a pile of gold.

..... #.....
#..... ...
+.....# ...
....... ....
.......### .....
#..#..####.....
#..............
#.....@........
#....D.$.......
#........:.....
............)...
.................
#...............#
.....######......
.... ..)..# ..
...... $


You could see a four-headed hydra.

Vanquished Creatures
  A centaur zombie (D:8)
  A komodo dragon (Lair:1)
  A hippogriff (D:9)
  Sigmund (D:6)
  8 yaks
  Eustachio (D:5)
  A human (D:8)
  A wyvern (D:9)
  2 hogs (D:8)
  2 ice beasts
  2 orc warriors (D:9)
  3 ogres
  3 centaurs (D:8)
  3 crocodiles
  A big kobold (D:9)
  Blork the orc (D:6)
  3 bullfrogs
  A wyvern zombie (D:7)
  A gnoll sergeant (D:3)
  2 scorpions
  6 killer bees (D:8)
  4 wights (D:9)
  5 crimson imps
  3 orc priests
  A bullfrog skeleton (D:7)
  4 hounds
  2 jellies
  A quasit (D:8)
  4 gnoll shamans
  2 iguanas (D:9)
  An orc wizard (D:4)
  7 worker ants
  A hound zombie (D:9)
  43 gnolls
  12 adders
  3 river rats (D:9)
  A shadow imp (D:8)
  2 oozes
  A worm (D:2)
  2 dart slugs (D:1)
  5 leopard geckos
  20 orcs
  3 ball pythons
  16 bats
  5 giant cockroaches
  8 hobgoblins
  13 jackals
  10 kobolds
  7 quokkas
  A ball python zombie (D:5)
  8 frilled lizards
  2 goblins
  A jackal skeleton (D:6)
  19 rats
  A plant (D:9)
263 creatures vanquished.

Vanquished Creatures (others)
  5 fungi (D:9)
  2 plants (D:9)
7 creatures vanquished.

Grand Total: 270 creatures vanquished

Notes
Turn   | Place    | Note
-------+----------+-------------------------------------------
     0 | D:1      | Chiseanne the Kobold Monk began the quest for the Orb.
     0 | D:1      | Reached XP level 1. HP: 14/14 MP: 1/1
   416 | D:1      | Reached XP level 2. HP: 19/19 MP: 2/2
  1288 | D:2      | Reached skill level 1 in Armour
  1288 | D:2      | Reached XP level 3. HP: 9/24 MP: 3/3
  1869 | D:2      | Reached skill level 4 in Fighting
  1869 | D:2      | Reached XP level 4. HP: 16/29 MP: 4/4
  2417 | D:3      | Found a shimmering altar of Xom.
  2417 | D:3      | Found a glowing silver altar of Zin.
  2417 | D:3      | Noticed an angel
  2836 | D:3      | Reached skill level 1 in Short Blades
  3058 | D:3      | Reached XP level 5. HP: 33/33 MP: 5/5
  3264 | D:4      | Found a hazy altar of Hepliaklqana.
  3592 | D:4      | Noticed galech's ghost (amateur OgFi)
  3618 | D:5      | Entered Level 5 of the Dungeon
  3622 | D:5      | Chiseanne: hey
  3622 | D:5      | Chiseanne: how are you?
  3684 | D:5      | Found Lorghad's Armour Shop.
  3757 | D:5      | Reached XP level 6. HP: 39/39 MP: 6/6
  3876 | D:5      | Found a hide-covered altar of Uskayaw.
  4053 | D:5      | Found a glowing golden altar of the Shining One.
  4062 | D:5      | Found a basalt altar of Yredelemnul.
  4064 | D:5      | Noticed a profane servitor
  4264 | D:5      | Noticed an angel
  4265 | D:5      | Wingboner: Sup. Extremely exhausted and a little (I hope) crazy.
  4273 | D:5      | Wingboner: At least now I can relax.
  4273 | D:5      | Chiseanne: you hope you are crazy?? :D finally off work ?
  4393 | D:4      | Reached skill level 5 in Fighting
  4396 | D:4      | Wingboner: I hope that I'm only a little crazy. Not batshit insane.
  4406 | D:4      | Wingboner: Yeah, 120 hour job project.
  4412 | D:4      | Wingboner: Work/eat/shit/sleep/work
  4412 | D:4      | Chiseanne: thats not pretty
  4412 | D:4      | Chiseanne: been there done that..no fun
  4694 | D:4      | Wingboner: At least it pays okay, and now I will probably have ~2 weeks free.
  4706 | D:3      | Chiseanne: ok that sounds good
  4748 | D:4      | Reached XP level 7. HP: 36/44 MP: 7/7
  4808 | D:4      | Chiseanne: what do you say about a fashist is now the President of the usa?
  4901 | D:4      | Found a sacrificial altar of Ru.
  4907 | D:4      | Found a shadowy altar of Dithmenos.
  4910 | D:4      | Found a stormy altar of Qazlal.
  5360 | D:5      | Wingboner: At least he got ponies in his twitter.
  5430 | D:4      | Wingboner: This is more than I can say about any goverment person here!
  5430 | D:4      | Chiseanne: really?ponies?
  5430 | D:4      | Chiseanne: did I miss something?
  5430 | D:4      | Wingboner: Gimme a sec, I'll find that tweet.
  5430 | D:4      | Wingboner: https://twitter.com/realDonaldTrump/status/355838426043527168
  5430 | D:4      | Chiseanne: checking
  5430 | D:4      | Chiseanne: lol
  5430 | D:4      | Wingboner: Yeah.
  5430 | D:4      | Wingboner: I've heard an interesting conspiracy theory.
  5430 | D:4      | Chiseanne: fill me in
  5480 | D:4      | Wingboner: That he's acting like this to keep his promises... In the dumbest and most un-constitutional way possible, so he gets overridden.
  5485 | D:5      | Wingboner: And he'll be able to say "Okay. I tried, but they didn't let me" and then do whatever he really planned to.
  5485 | D:5      | Chiseanne: I would say he actually is already at point 2...
  5485 | D:5      | Wingboner: Sounds disturbingly plausible.
  5485 | D:5      | Chiseanne: lol yah
  5485 | D:5      | Chiseanne: yet not true..he is a lunatic, thats what he is..a 3 year old trapped in the body of a over 70 year old man
  5485 | D:5      | Wingboner: I don't know. Don't care enough to do any real fact checkng.
  5485 | D:5      | Chiseanne: seriously ..hes braindead..you could hear that in his speeches..I will never understand how you could EVER vote for such a jerk
  5485 | D:5      | Wingboner: Haven't heard any speeches of his. Not my cup of tea.
  5485 | D:5      | Chiseanne: ok
  5710 | D:6      | Found Huesuasi's Antique Armour Shop.
  5710 | D:6      | Noticed Eustachio
  5712 | D:6      | Wingboner: We've kinda got a little civil war in here, and I don't even really care about that ^_^
  5712 | D:6      | Chiseanne: understandable then..ukraine ?
  5717 | D:5      | Wingboner: Yeah.
  5730 | D:5      | Chiseanne: sucks! I feel sorry for you guys there
  5816 | D:5      | Chiseanne: I hope for the best
  5833 | D:5      | Killed Eustachio
  5833 | D:5      | Reached skill level 6 in Fighting
  5833 | D:5      | Reached skill level 5 in Short Blades
  5856 | D:5      | Wingboner: I live in a good spot though, so just do my job, read books and play vidya. Working remotely, so I can get a decent salary but spend it where life's cheap.
  5902 | D:5      | Reached XP level 8. HP: 29/51 MP: 8/8
  6031 | D:5      | Chiseanne: at least
  6206 | D:4      | Found a radiant altar of Vehumet.
  6207 | D:4      | Found a deep blue altar of Sif Muna.
  6333 | D:4      | Wingboner: By the way, you live in Germany, right?
  6417 | D:3      | Chiseanne: aye
  6674 | D:4      | Wingboner: I've heard you got a new/old bestseller there.
  6676 | D:4      | Chiseanne: who?
  6816 | D:4      | Wingboner: Mein Kampf by you-know-who.
  6819 | D:4      | Chiseanne: oh that.. yeah..never read it
  6819 | D:4      | Chiseanne: dont think its worth it
  6819 | D:4      | Chiseanne: you better dont let that stupid shit into your head
  6819 | D:4      | Wingboner: I've checked it out, Lenin wrote better terrorist manuals.
  6819 | D:4      | Chiseanne: lol
  6819 | D:4      | Chiseanne: isnt that scary? the people that should govern our countries and are supposed to make our lives better and protect us are just madman altogether..almost no exceptions
  7031 | D:5      | Wingboner: It's funny though — this book has been prohibited for a pretty long time, and now as soon as the ban is lifted people immediately rush over. Such advertisement. Much hype. Wow.
  7040 | D:6      | Chiseanne: haha yeah right
  7040 | D:6      | Chiseanne: extremeists are on the rise again all over the world
  7040 | D:6      | Chiseanne: the lot of em are not reading it to learn from the past..at least not in a way they should...
  7062 | D:6      | Reached skill level 7 in Fighting
  7066 | D:6      | Wingboner: Well politics is a very dirty thing. Basically, 80% of people who *want* to go there are shit. Those who are not shit get drowned in shit and drop out, so we get what's left. Pure, refined 100% shit.
  7097 | D:6      | Found a staircase to the Ecumenical Temple.
  7103 | Temple   | Entered the Ecumenical Temple
  7104 | Temple   | Chiseanne: ok thats just so true! *sign*
  7113 | Temple   | Became a worshipper of Gozag Ym Sagoz the Greedy
  7520 | D:6      | Chiseanne: omg..di I just joind gozak with a kobold???
  7520 | D:6      | Wingboner: I can't do anything about this at this moment, so just create the comfiest nest for myself I can and mind my own business.
  7520 | D:6      | Chiseanne: *slaps self*
  7520 | D:6      | Wingboner: Why not?
  7520 | D:6      | Chiseanne: sounds about right..make the best out of that situation
  7520 | D:6      | Chiseanne: they just need more food, right?
  7520 | D:6      | Wingboner: IIRC no.
  7520 | D:6      | Wingboner: Check A
  7520 | D:6      | Chiseanne: so no corpses anymore to feed him right
  7520 | D:6      | Chiseanne: ah ok
  7520 | D:6      | Chiseanne: phew
  7520 | D:6      | Wingboner: Nope, just can't eat veggies.
  7520 | D:6      | Chiseanne: somehow I was thinking they eat a lot
  7520 | D:6      | Wingboner: And get more nutrition from meat.
  7520 | D:6      | Chiseanne: ok yes..ok thats cool
  7520 | D:6      | Wingboner: They *can* eat a lot, got built-in gourmand.
  7520 | D:6      | Chiseanne: yes got it
  7567 | D:6      | HP: 1/53 [gnoll/halberd (10)]
  7697 | D:6      | Wingboner: Worst thing about Gozag is that flying weapons count as creatures, you don't get their @ "corpses"
  7888 | D:6      | Chiseanne: but hey at least you get the bounty
  7927 | D:6      | Noticed Atlantean's ghost (novice DsFi)
  8051 | Temple   | Wingboner: Yeah, you get some gold and can then buy some gifts from your jewish god.
  8269 | D:6      | Wingboner: https://is2.4chan.org/vg/1485866752831.png
  8269 | D:6      | Bought a distressingly furry ring mail for 216 gold pieces
  8269 | D:6      | Chiseanne: LOL
  8269 | D:6      | Chiseanne: nice one
  8275 | D:6      | Found Imiaf's Antique Weapon Boutique.
  8289 | D:6      | Noticed Blork the orc
  8306 | D:6      | Killed Blork the orc
  8385 | D:5      | Identified the +1 ring mail of Lethargy {Str+4} (You bought it in a shop on level 6 of the Dungeon)
  8459 | D:6      | Noticed Sigmund
  8475 | D:6      | Killed Sigmund
  8475 | D:6      | Reached skill level 8 in Fighting
  8475 | D:6      | Reached skill level 5 in Armour
  8475 | D:6      | Reached XP level 9. HP: 59/59 MP: 9/9
  8548 | D:6      | Found Evaatunaff's Assorted Antiques.
  8552 | D:6      | Bought a scroll labeled LUETIR NAOM for 20 gold pieces
  8552 | D:6      | Bought a cyan potion for 18 gold pieces
  8552 | D:6      | Bought a scroll labeled ROPTAA VOAGH for 20 gold pieces
  8554 | D:6      | Wingboner: !lg * ikiller~~sigmund max=xl x=tdam,mhp
  8555 | D:6      | Wingboner: Meh, you got no bot.
  8555 | D:6      | Chiseanne: nah sry
  9359 | D:7      | Wingboner: Oh crap, it got a player from an extremely ancient version.
  9361 | D:7      | Wingboner: http://crawl.akrasiac.org/rawdata/aristotle/morgue-aristotle-20070419-233429.txt
  9364 | D:7      | Chiseanne: actually I liked the weapon system better +5,+11 dagger of Hell's Wrath
  9364 | D:7      | Wingboner: Yeah, I play 0.14.2 where it's still like that.
  9364 | D:7      | Chiseanne: nice
  9782 | D:7      | Reached skill level 9 in Fighting
  9851 | D:7      | Found an ancient bone altar of Kikubaaqudgha.
  9851 | D:7      | Noticed a hill giant
  9952 | D:8      | Wingboner: Also item destruction, item weight and lots of other things that got removed later.
 10037 | D:8      | Chiseanne: yeah..I m not a fan of simplifying stuff too much
 10133 | D:8      | Reached XP level 10. HP: 33/68 MP: 10/10
 10430 | D:8      | Found Anajuz's Jewellery Shoppe.
 10448 | D:8      | Reached skill level 10 in Fighting
 10466 | D:8      | Bought an uncursed amulet of guardian spirit for 330 gold pieces
 10555 | D:8      | Got a heavily runed leather armour
 10584 | D:8      | Identified the +3 leather armour of Gifaeqau {Dex+3} (You found it on level 8 of the Dungeon)
 10624 | D:8      | Reached skill level 1 in Evocations
 11588 | D:8      | Reached skill level 5 in Evocations
 11905 | D:9      | Wingboner: I've bought an interesting thing from China, check this out. Noone in my city knew something like this exists.
 11906 | D:9      | Wingboner: https://ae01.alicdn.com/kf/HTB1nCGXNpXXXXXBapXXq6xXFXXXX/Bluetooth-Wireless-VR-Box-Remote-Control-Gamepad-3D-VR-Glasses-Smart-Mobile-Phone-Universal-Portable-Mini.jpg
 11915 | D:9      | Chiseanne: you got vr?
 11915 | D:9      | Chiseanne: wireless..not a fan..I like the idea but the batteries still stink
 11943 | D:9      | Found a staircase to the Lair.
 11977 | D:9      | Wingboner: I'll get it later, my phone supports it. For now just using it to control music and scrolling, extremely handy.
 12083 | D:9      | Wingboner: IIRC it doesn't eat too much, been using for 4 days now without replacing/charging batteries.
 12083 | D:9      | Wingboner: It doesn't have a display, so can't tell how long it'll last though.
 12083 | D:9      | Chiseanne: ok that sounds ok-ish
 12083 | D:9      | Chiseanne: I guess if you really starrt using it on vr it will eat much more energy and youll have to replace the batteries after a cpl of hours
 12303 | D:9      | Wingboner: I've got a relatively big phone, this thing is very nice for reading, so I'm glad I've bought it.
 12325 | D:9      | Wingboner: Mi Max, 6.44 screen.
 12584 | D:9      | Chiseanne: sure if it helps why not
 12723 | D:9      | Reached XP level 11. HP: 52/72 MP: 11/16
 12834 | D:9      | Chiseanne: Im n ot doing much with mine..just phonecalls
 12834 | D:9      | Wingboner: I'm being dragged away by a friend, good luck!
 12834 | D:9      | Chiseanne: ty..bb ttyl
 13520 | Lair:1   | Entered Level 1 of the Lair of Beasts
 13542 | Lair:1   | Noticed a four-headed hydra
 13791 | Lair:1   | Slain by a four-headed hydra

Skill      XL: |  1  2  3  4  5  6  7  8  9 10 11 |
---------------+----------------------------------+-----
Armour         | 1 2 3 5 6 8 9 |  9.0
Fighting       | 4 5 6 8 9 10 | 10.0
Short Blades   | 1 2 4 5 6 |  6.2
Evocations     | 7 8 |  8.0
Dodging        | |  3.7
Stealth        | |  2.6
Unarmed Combat | |  3.5

Action                   |  1- 3 |  4- 6 |  7- 9 | 10-12 || total
-------------------------+-------+-------+-------+-------++-------
Melee: Unarmed           |   121 |    51 |       |       ||   172
       Punch             |     1 |     6 |    11 |    20 ||    38
       Dagger            |       |   139 |   514 |   456 ||  1109
       Whip              |       |       |       |    34 ||    34
       Morningstar       |       |       |       |     2 ||     2
Throw: Stone             |     1 |       |     2 |       ||     3
Evoke: Wand              |       |       |       |     4 ||     4
  Use: Scroll            |     1 |     5 |    11 |       ||    17
       Potion            |       |       |     2 |       ||     2
 Stab: Sleeping          |     3 |     6 |     3 |     1 ||    13
       Distracted        |     1 |       |     2 |     2 ||     5
       Paralysed         |       |       |       |     1 ||     1
  Eat: Chunk             |    11 |     9 |     9 |       ||    29
       Beef jerky        |       |       |       |     5 ||     5
       Pizza             |       |       |       |     5 ||     5
Armor: Robe              |     1 |       |       |       ||     1
       Ring mail         |    20 |    43 |   104 |   129 ||   296
       Skin              |       |       |     3 |       ||     3
Dodge: Dodged            |    64 |   130 |   321 |   353 ||   868
